 Dungeon Crawl Stone Soup version 0.31-a0-875-g02e7d12df6 (webtiles) character file.

Game seed: 1015363972356464319

109 pokeman the Magician (level 4, -1/25 HPs)
             Began as a Deep Elf Hedge Wizard on Oct 13, 2023.
             Slain by an ogre
             ... wielding a +0 giant club
              (26 damage)
             ... on level 3 of the Dungeon.
             The game lasted 00:06:25 (2604 turns).

pokeman the Magician (Deep Elf Hedge Wizard)        Turns: 2604, Time: 00:06:25

Health: -1/25      AC:  3    Str:  7    XL:     4   Next: 60%
Magic:  5/13       EV: 12    Int: 21    God:
Gold:   60         SH:  0    Dex: 14    Spells: 6/14 levels left

rFire   + . .        n - +2 dagger (venom)
rCold   . . .        (no shield)
rNeg    . . .        b - +0 robe
rPois   .            c - +0 hat
rElec   .            (no cloak)
rCorr   .            f - +0 pair of gloves
SInv    .            (no boots)
Will    .....        (no amulet)
Stlth   ++           l - ring of protection from fire
HPRegen 0.24/turn    (no ring)
MPRegen 0.13/turn

%: no passive effects
@: no status effects
A: no striking features
a: no special abilities


You were on level 3 of the Dungeon.
You visited 1 branch of the dungeon, and saw 3 of its levels.

You collected 99 gold pieces.
You spent 39 gold pieces at shops.

Inventory:

Hand Weapons
 n - a +2 dagger of venom (weapon)
Armour
 b - a +0 robe (worn)
 c - a +0 hat (worn)
 f - a +0 pair of gloves (worn)
Jewellery
 l - a ring of protection from fire (left hand)
Wands
 o - a wand of paralysis (9)
Scrolls
 a - a scroll of enchant armour {unknown}
 g - 2 scrolls of summoning {unknown}
 j - a scroll of blinking {unknown}
 m - a scroll of revelation {unknown}
Potions
 d - a potion of magic
 e - 3 potions of curing
 h - 2 potions of might {unknown}
 i - 2 potions of lignification {unknown}
 k - a potion of enlightenment {unknown}


   Skills:
 - Level 1.0 Fighting
 - Level 1.0 Armour
 + Level 2.8 Dodging
 + Level 2.9 Stealth
 * Level 5.8 Spellcasting
 + Level 2.3 Conjurations
 - Level 1.1 Summonings
 - Level 1.1 Translocations


You had 6 spell levels left.
You knew the following spells:

 Your Spells              Type           Power      Damage    Failure   Level
a - Magic Dart            Conj           60%        1d6       3%          1
b - Mephitic Cloud        Conj/Pois/Air  9%         N/A       22%         3
c - Call Imp              Summ           20%        N/A       10%         2
d - Blink                 Tloc           20%        N/A       10%         2

Your spell library contained the following spells:

 Spells                   Type           Power      Damage    Failure   Level
 Slow                     Hex            24%        N/A       10%         1
 Cigotuvi's Dreadful Rot  Necr/Pois/Air  12%        N/A       16%         2
 Ensorcelled Hibernation  Hex/Ice        12%        N/A       16%         2
 Passwall                 Tmut/Erth      5%         N/A       16%         2
 Swiftness                Air            6%         N/A       30%         3
 Brom's Barrelling Bould  Conj/Erth      10%        2d3       52%         4
 Iskenderun's Battlesphe  Conj           15%        2d7       71%         5
 Fireball                 Conj/Fire      5%         3d5       86%         5
 Conjure Ball Lightning   Conj/Air       5%         3x3d6     100%        6
 Orb of Destruction       Conj           7%         9d6       100%        7


Dungeon Overview and Level Annotations

Branches:
Dungeon (3/15)

Altars:

Shops:
D:3 !


Message History

Press: ? - help, Shift-Dir - straight line, f/p - adder
Aim: an adder (almost dead, 100% to hit)
The magic dart hits the adder.
You kill the adder!
Casting: Magic Dart (safe; 3% risk of failure)
Confirm with . or Enter, or press ? or * to list all spells.
You can't see any susceptible monsters within range! (Use Z to cast anyway.) Unknown command.
An ogre comes into view. It is wielding a +0 giant club.
An endoplasm comes into view.
Found a ring mail.
Found a stone staircase leading down.
Casting: Magic Dart (safe; 3% risk of failure)
Confirm with . or Enter, or press ? or * to list all spells.
Okay, then.
Casting: Mephitic Cloud (extremely dangerous; 22% risk of failure)
Confirm with . or Enter, or press ? or * to list all spells.
Aiming: Mephitic Cloud (extremely dangerous; 22% risk of failure)
Press: ? - help, Shift-Dir - straight line, f - ogre
Aim: an ogre, wielding a +0 giant club (chance to affect: 77%)
The ball explodes into a vile cloud!
The stinking cloud engulfs the ogre but does no damage.
You hear a shout!
The ogre is engulfed in noxious fumes.
Casting: Mephitic Cloud (extremely dangerous; 22% risk of failure)
Confirm with . or Enter, or press ? or * to list all spells.
Aiming: Mephitic Cloud (extremely dangerous; 22% risk of failure)
Press: ? - help, Shift-Dir - straight line, f/p - ogre
Aim: an ogre, wielding a +0 giant club (chance to affect: 77%)
The ball explodes into a vile cloud!
The stinking cloud engulfs the ogre but does no damage.
You hear a shout!
The ogre is engulfed in noxious fumes.
The ogre appears confused.
Unknown command.
The ogre is engulfed in noxious fumes.
The ogre appears confused.
You hit the ogre.
The ogre is poisoned.
The ogre is lightly wounded.
The ogre is engulfed in noxious fumes.
The ogre appears confused.
The ogre hits you with a +0 giant club!!
Ouch! That really hurt!
You die...

.......... ..?<.....#
.........##
..........##
.....†..#..#
.#....†....#
#########°#######..
#.O#....... ###.@.#
.... #.....# #.......
#.##[...####.......
#.#####....#.......##
#.# #.#...........
#####.#
#...)...##.†..
####.....#
#.......####..
#....#####
#............. #.####
#..........##.


You could see an ogre (confused, very poisoned).

Vanquished Creatures
  Terence (D:3)
  4 adders
  2 dart slugs (D:3)
  4 endoplasms
  5 giant cockroaches
  A hobgoblin (D:1)
  3 quokkas
  4 ball pythons
  7 bats
  3 frilled lizards
  4 goblins
  4 kobolds
  3 rats
45 creatures vanquished.

Notes
Turn   | Place    | Note
-------+----------+-------------------------------------------
     0 | D:1      | pokeman the Deep Elf Hedge Wizard began the quest for the
                  | Orb.
     0 | D:1      | Reached XP level 1. HP: 10/10 MP: 7/7
   508 | D:1      | Reached XP level 2. HP: 16/16 MP: 7/9
  1409 | D:2      | Reached skill level 5 in Spellcasting
  1662 | D:2      | Reached XP level 3. HP: 20/20 MP: 7/11
  1666 | D:2      | Learned a level 3 spell: Mephitic Cloud
  1669 | D:2      | Learned a level 2 spell: Call Imp
  1672 | D:2      | Learned a level 2 spell: Blink
  2130 | D:3      | Reached skill level 1 in Fighting
  2244 | D:3      | Reached skill level 1 in Armour
  2346 | D:3      | Reached XP level 4. HP: 25/25 MP: 5/13
  2459 | D:3      | Found Otompud's Distillery.
  2460 | D:3      | Noticed Terence
  2472 | D:3      | Killed Terence
  2518 | D:3      | Bought a potion of curing for 39 gold pieces
  2590 | D:3      | Noticed an ogre
  2604 | D:3      | Slain by an ogre

Illustrated notes

Levels and vault maps discovered:
D:1:      zelgadis_glass_arrival_small, layout_basic
D:2:      layout_basic
D:3:      layout_rooms, grunt_temple_overflow_open, serial_shops, shop,
          uniq_terence

Skill      XL: |  1  2  3 |
---------------+----------+-----
Spellcasting   | 5 |  5.8
Fighting       | 1 |  1.0
Armour         | 1 |  1.0
Conjurations   | 2 |  2.3
Dodging        | |  2.8
Stealth        | |  2.9
Summonings     | |  1.1
Translocations | |  1.1

Action                     |  1- 3 |  4- 6 || total
---------------------------+-------+-------++-------
  Melee: Dagger            |       |     8 ||     8
   Cast: Magic Dart        |   104 |    15 ||   119
         Mephitic Cloud    |       |     3 ||     3
   Stab: Confused          |       |     2 ||     2
 Armour: Robe              |     7 |     3 ||    10
  Dodge: Dodged            |     9 |     3 ||    12

Table legend: (Time is in decaauts)
 A = Elapsed time spent in this place.
 B = Non-inter-level travel time spent in this place.
 C = Inter-level travel time spent in this place.
 D = Time resting spent in this place.
 E = Time spent auto-exploring this place.
 F = Levels seen in this place.
 G = Mean time per level.
                   A        B        C        D        E       F      G
               +--------+--------+--------+--------+--------+-----+--------+
         Total |   2602 |   2569 |     33 |      0 |   2306 |   3 |  867.3 |
       Dungeon |   2602 |   2569 |     33 |      0 |   2306 |   3 |  867.3 |
               +--------+--------+--------+--------+--------+-----+--------+

Top non-repeatable levels by time:
     D:1: 1088 daAuts
     D:2: 988 daAuts
     D:3: 525 daAuts
